 Dungeon Crawl Stone Soup version 0.29-a0-322-g68df515428 (webtiles) character file.

Game seed: 7191236755037839601

47 GigaChad the Vexing (level 3, -3/33 HPs)
             Began as a Troll Arcane Marksman on Apr 7, 2022.
             Slain by Pargi (4 damage)
             ... on level 3 of the Dungeon.
             The game lasted 00:06:17 (1343 turns).

GigaChad the Vexing (Troll Arcane Marksman)         Turns: 1343, Time: 00:06:17

Health: -3/33      AC:  5    Str: 18    XL:     3   Next: 48%
Magic:  3/3        EV: 10    Int:  9    God:
Gold:   31         SH:  0    Dex: 12    Spells: 3/4 levels left

rFire   . . .      SeeInvis .   g - +0 long sword
rCold   . . .      Faith    .   (no shield)
rNeg    . . .      Spirit   .   b - +1 robe
rPois   .          Reflect  .   (helmet restricted)
rElec   .          Harm     .   (no cloak)
rCorr   .          Rampage  .   (gloves unavailable)
Will    .....                   (boots unavailable)
Stlth   +.........              (no amulet)
HPRegen 0.91/turn               (no ring)
MPRegen 0.08/turn               (no ring)

@: no status effects
A: large, unfitting armour, claws 3, regeneration 1, shaggy fur 1, tough skin 1
a: no special abilities


You were on level 3 of the Dungeon.
You visited 1 branch of the dungeon, and saw 3 of its levels.

You collected 31 gold pieces.

Inventory:

Hand Weapons
 a - a +0 shortbow of flaming
 e - a +0 short sword
 g - a +0 long sword (weapon)
Armour
 b - a +1 robe (worn)
 i - a +0 plate armour
Scrolls
 c - 2 scrolls of vulnerability
 j - a scroll of identify
 m - a scroll of fog {unknown}
Potions
 d - 2 potions of mutation {unknown}
 f - a potion of haste {unknown}
 h - a potion of might {unknown}
 k - a potion of attraction {unknown}
 l - a potion of degeneration {unknown}


   Skills:
 + Level 1.2 Fighting
 + Level 2.1 Bows
 + Level 1.8 Dodging
 + Level 1.0 Spellcasting
 + Level 2.1 Hexes


You had 3 spell levels left.
You knew the following spells:

 Your Spells              Type           Power      Damage    Failure   Level
a - Slow                  Hex            16%        N/A       16%         1

Your spell library contained the following spells:

 Spells                   Type           Power      Damage    Failure   Level
 Corpse Rot               Necr/Air       0%         N/A       50%         2
 Poisonous Vapours        Pois/Air       0%         N/A       50%         2
 Inner Flame              Hex/Fire       2%         N/A       56%         3
 Portal Projectile        Hex/Tloc       4%         N/A       56%         3
 Cause Fear               Hex            2%         N/A       83%         4


Dungeon Overview and Level Annotations

Branches:
Dungeon (3/15)

Altars:

Shops:
D:2 *

Annotations:
D:3 Pargi


Innate Abilities, Weirdness & Mutations

You are too large for most types of armour.
You have claws for hands.
Your natural rate of healing is unusually fast.
You are covered in fur. (AC +1)
You have tough skin. (AC +1)


Message History

Pargi is moderately wounded.
Pargi bites you. Pargi claws you but does no damage. Pargi closely misses you.
The rat misses you. Pargi bites you.
* * * LOW HITPOINT WARNING * * *
Pargi claws you.
* * * LOW HITPOINT WARNING * * *
Pargi closely misses you. The rat bites you but does no damage.
You hit the rat.
The rat is moderately wounded.
Pargi bites you.
* * * LOW HITPOINT WARNING * * *
Pargi completely misses you. Pargi claws you but does no damage.
The rat closely misses you.
You hit the rat.
You kill the rat!
Pargi bites you.
* * * LOW HITPOINT WARNING * * *
Pargi closely misses you. x2; Pargi barely misses you.
Pargi claws you.
* * * LOW HITPOINT WARNING * * *
Pargi barely misses you.
You closely miss Pargi.
Pargi is lightly wounded.
Pargi closely misses you. Pargi claws you.
* * * LOW HITPOINT WARNING * * *
Pargi claws you.
* * * LOW HITPOINT WARNING * * *
You slash Pargi!
Pargi is moderately wounded.
Pargi bites you but does no damage. Pargi claws you but does no damage. x2
You closely miss Pargi.
Pargi is moderately wounded.
Pargi bites you.
* * * LOW HITPOINT WARNING * * *
Pargi claws you but does no damage. Pargi claws you.
* * * LOW HITPOINT WARNING * * *
Pargi barely misses you. Pargi closely misses you. Pargi barely misses you.
Pargi attacks as you move away! Pargi bites you.
* * * LOW HITPOINT WARNING * * *
Pargi claws you.
You die...

#####......(..
#.............
##.............
^..............
#............(
.............
#####..T.......
.......@†......
...............
......(..##..$.
.........# ...
.........# .
.........#
.........#
..(......#


You could see Pargi.

Vanquished Creatures
  An adder (D:2)
  A dart slug (D:1)
  6 ball pythons
  2 bats (D:2)
  3 endoplasms (D:1)
  A goblin (D:2)
  5 hobgoblins
  3 quokkas
  3 frilled lizards
  4 kobolds
  7 rats
36 creatures vanquished.

Notes
Turn   | Place    | Note
-------+----------+-------------------------------------------
     0 | D:1      | GigaChad the Troll Arcane Marksman began the quest for the
                  | Orb.
     0 | D:1      | Reached XP level 1. HP: 18/18 MP: 1/1
   180 | D:1      | Reached XP level 2. HP: 26/26 MP: 2/2
   183 | D:1      | Reached skill level 1 in Fighting
   623 | D:2      | Found Lukhlow's Assorted Antiques.
   672 | D:2      | Reached XP level 3. HP: 33/33 MP: 3/3
  1324 | D:3      | Noticed Pargi
  1343 | D:3      | HP: 1/33 [Pargi (2)]
  1343 | D:3      | Slain by Pargi

Illustrated notes

Levels and vault maps discovered:
D:1:      minmay_arrival_widening_spiral_wide, layout_basic
D:2:      layout_basic, serial_shops, nicolae_shop_hallway_plus, st_stairs_8
D:3:      layout_rooms, uniq_crazy_yiuf_cottage, uniq_grinder, uniq_pargi

Skill      XL: |  1  2  3 |
---------------+----------+-----
Fighting       | 1 |  1.2
Bows           | 2 |  2.1
Dodging        | |  1.8
Spellcasting   | |  1.0
Hexes          | |  2.1

Action                   || total
-------------------------++-------
Melee: Long sword        ||     7
 Fire: Shortbow          ||   104
 Cast: Slow              ||     1
  Use: Scroll            ||     5
Armor: Robe              ||    46
Dodge: Dodged            ||    80

Table legend: (Time is in decaauts)
 A = Elapsed time spent in this place.
 B = Non-inter-level travel time spent in this place.
 C = Inter-level travel time spent in this place.
 D = Time resting spent in this place.
 E = Time spent auto-exploring this place.
 F = Levels seen in this place.
 G = Mean time per level.
                   A        B        C        D        E       F      G
               +--------+--------+--------+--------+--------+-----+--------+
         Total |   1388 |   1388 |      0 |      0 |    527 |   3 |  462.7 |
       Dungeon |   1388 |   1388 |      0 |      0 |    527 |   3 |  462.7 |
               +--------+--------+--------+--------+--------+-----+--------+

Top non-repeatable levels by time:
     D:2: 809 daAuts
     D:1: 553 daAuts
     D:3: 25 daAuts
